 Dungeon Crawl Stone Soup version 0.30-a0-347-gf58ed5266c (webtiles) character file.

Game seed: 7783099385339721699

3972 HoaS the Markskobold (level 10, -5/60 HPs)
             Began as a Kobold Hunter on Nov 5, 2022.
             Was a Believer of Okawaru.
             Slain by an ice beast (14 damage)
             ... on level 8 of the Dungeon.
             The game lasted 00:14:34 (7325 turns).

HoaS the Markskobold (Kobold Hunter)                Turns: 7325, Time: 00:14:34

Health: -5/60      AC:  9    Str:  9    XL:     10   Next: 45%
Magic:  13/13      EV: 21    Int: 11    God:    Okawaru [**....]
Gold:   249        SH:  0    Dex: 28    Spells: 9/9 levels left

rFire   . . .      SeeInvis .    a - +1 shortbow
rCold   . . .      Faith    .    (shield currently unavailable)
rNeg    + . .      Spirit   .    v - +0 steam dragon scales
rPois   .          Reflect  .    t - +0 helmet
rElec   .          Harm     .    o - +0 cloak
rCorr   .          Rampage  .    p - +0 pair of gloves {infuse}
Will    .....                    l - +0 pair of boots
Stlth   ++++......               f - amulet of regeneration
HPRegen 1.10/turn                i - +6 ring of dexterity
MPRegen 0.13/turn                s - ring of positive energy

@: mighty, studying Stealth
A: small, no large weapons, nightstalker 3
a: Renounce Religion, Heroism


You were on level 8 of the Dungeon.
You worshipped Okawaru.
Okawaru was pleased with you.
You visited 2 branches of the dungeon, and saw 9 of its levels.
You also visited: Sewer.

You collected 406 gold pieces.
You spent 157 gold pieces at shops.

Inventory:

Hand Weapons
 a - a +1 shortbow (weapon)
Armour
 l - a +0 pair of boots (worn)
 o - a +0 cloak (worn)
 p - a +0 pair of gloves of infusion (worn)
 t - a +0 helmet (worn)
 v - +0 steam dragon scales (worn)
Jewellery
 e - a ring of fire
 f - an amulet of regeneration (around neck)
 i - a +6 ring of dexterity (left hand)
 s - a ring of positive energy (right hand)
Wands
 r - a wand of flame (5)
 u - a wand of iceblast (7)
 x - a wand of polymorph (7)
Scrolls
 b - 2 scrolls of immolation
 c - a scroll of silence
 d - 7 scrolls of identify
 m - 2 scrolls of fog
 n - 7 scrolls of teleportation
Potions
 g - a potion of invisibility
 j - 2 potions of curing
 k - 2 potions of mutation
 q - 6 potions of flight


   Skills:
 * Level 5.6 Fighting
 - Level 16.0 Ranged Weapons
 * Level 6.2 Dodging
 - Level 1.3 Stealth
 + Level 4.7 Invocations


You had 9 spell levels left.
You didn't know any spells.
Your spell library contained the following spells:

 Spells                   Type           Power      Damage    Failure   Level
 Leda's Liquefaction      Hex/Erth       0%         N/A       98%         4
 Lee's Rapid Deconstruct  Erth           0%         3d4*      100%        5
 Statue Form              Tmut/Erth      0%         N/A       100%        6


Dungeon Overview and Level Annotations

Branches:
Dungeon (8/15)             Temple (1/1) D:6           Sewer (visited)
   Lair: D:8-11

Altars:
Ashenzari
Cheibriados
Dithmenos
Fedhas
Gozag
Hepliaklqana
Kikubaaqudgha
Makhleb
Okawaru
Qazlal
Ru
Sif Muna
Trog
Uskayaw
Vehumet
Wu Jian
Xom
Yredelemnul
Zin
The Shining One

Shops:
D:1 (([   D:5 =


Innate Abilities, Weirdness & Mutations

You are small and have problems with some larger weapons.
You are completely attuned to the shadows.


Message History

The ice beast completely misses you. The polar bear bites you!
The polar bear claws you.
* * * LOW HITPOINT WARNING * * *
The polar bear closely misses you.
You shoot an arrow. The arrow hits the polar bear.
The polar bear is heavily wounded.
The polar bear completely misses you. The polar bear misses you. x2
The ice beast completely misses you.
The polar bear completely misses you. x2
The polar bear closely misses you.
You shoot an arrow. The arrow hits the polar bear!
The polar bear is severely wounded.
The polar bear goes berserk!
The ice beast hits you but does no damage.
An ice beast comes into view.
The polar bear completely misses you. x3
You shoot an arrow. The arrow hits the polar bear!
The polar bear is almost dead.
The polar bear misses you.
The polar bear claws you but does no damage.
The polar bear completely misses you.
You shoot an arrow.
The arrow hits the polar bear but does no damage.
The polar bear is almost dead.
The polar bear bites you!
* * * LOW HITPOINT WARNING * * *
The polar bear misses you. The polar bear completely misses you.
The ice beast closely misses you.
The polar bear bites you but does no damage.
The polar bear misses you. The polar bear closely misses you.
You feel better.
You feel like a meek peon again. The polar bear bites you!
* * * LOW HITPOINT WARNING * * *
The polar bear misses you. The polar bear barely misses you.
The polar bear completely misses you. The polar bear barely misses you.
The polar bear claws you but does no damage.
The ice beast hits you.
* * * LOW HITPOINT WARNING * * *
The ice beast freezes you!
You die...

#.#.#.... #.#.#....
#.#....._ #.#.#....
....# #.#.#....
.#...## #.#.##...
...)..# ###...####.
.~Y..~# ##...#......
..#.h@.# #..######...
....Yh## ##..## #...
......# #....# ##..
......# #....## #..
.....## #......#####..
......# #........)....
...##.###......#..####
.~# #..#.........#.###
## #..#>.......#.#.#.


You could see 2 polar bears and 2 ice beasts.

Vanquished Creatures
  Maggie (D:6)
  A rime drake (D:8)
  A vampire (D:7)
  A water moccasin (D:7)
  3 orc warriors
  2 ice beasts
  2 black bears
  2 wolves (D:8)
  3 ogres
  3 centaurs
  2 phantoms
  2 kobold brigands
  4 bullfrogs
  A necrophage (D:8)
  A scorpion (D:6)
  10 wights (D:7)
  A killer bee (D:8)
  2 jellies
  A hound (D:5)
  Terence (D:3)
  3 iguanas
  3 orc wizards
  Robin (D:4)
  11 adders
  12 river rats
  3 white imps
  5 worms
  8 dart slugs
  14 orcs
  6 endoplasms
  7 giant cockroaches
  16 goblins
  6 hobgoblins
  4 jackals (D:4)
  33 kobolds
  4 quokkas
  12 ball pythons
  4 bats
  2 frilled lizards
  24 rats
222 creatures vanquished.

Notes
Turn   | Place    | Note
-------+----------+-------------------------------------------
     0 | D:1      | HoaS the Kobold Hunter began the quest for the Orb.
     0 | D:1      | Reached XP level 1. HP: 12/12 MP: 1/1
    48 | D:1      | Found Daczick's Antique Armour Shop.
   101 | D:1      | Reached XP level 2. HP: 17/17 MP: 2/2
   106 | D:1      | Reached skill level 6 in Ranged Weapons
   209 | D:1      | Found Ureohauq's Weapon Shoppe.
   250 | D:1      | Reached XP level 3. HP: 21/21 MP: 3/3
   295 | D:1      | Found Zeprorphya's Weapon Boutique.
   637 | D:2      | Reached skill level 7 in Ranged Weapons
   761 | D:2      | Reached XP level 4. HP: 26/26 MP: 4/4
  1094 | D:2      | Found a faded altar of an unknown god.
  1404 | D:3      | Found a glowing drain.
  1426 | Sewer    | Entered a sewer
  1447 | Sewer    | Reached XP level 5. HP: 30/30 MP: 5/5
  1514 | Sewer    | Reached skill level 8 in Ranged Weapons
  1614 | Sewer    | Reached skill level 9 in Ranged Weapons
  1614 | Sewer    | Reached XP level 6. HP: 32/35 MP: 6/6
  2057 | Sewer    | Reached skill level 10 in Ranged Weapons
  2278 | D:3      | Noticed Terence
  2290 | D:3      | Killed Terence
  2651 | D:3      | Found an ornate altar of the Wu Jian Council.
  2720 | D:3      | Reached XP level 7. HP: 40/40 MP: 7/7
  3207 | D:1      | Bought a pair of glowing gloves for 157 gold pieces
  3328 | D:4      | Found a snail-covered altar of Cheibriados.
  3784 | D:4      | Reached skill level 11 in Ranged Weapons
  3828 | D:4      | Noticed Robin
  3839 | D:4      | Found a hazy altar of Hepliaklqana.
  3868 | D:4      | Killed Robin
  3933 | D:4      | Found a stormy altar of Qazlal.
  3964 | D:4      | Found a blossoming altar of Fedhas.
  4223 | D:5      | Entered Level 5 of the Dungeon
  4382 | D:5      | Found Donarhum's Jewellery Emporium.
  4391 | D:5      | Reached XP level 8. HP: 44/44 MP: 8/8
  4516 | D:5      | Reached skill level 12 in Ranged Weapons
  4537 | D:5      | Identified the +11 short sword "Suntonwu" {venom, rElec
                  | Str+3 Dex+4}
  5079 | D:6      | Noticed Maggie
  5100 | D:6      | Killed Maggie
  5101 | D:6      | Reached skill level 13 in Ranged Weapons
  5166 | D:6      | Reached skill level 14 in Ranged Weapons
  5212 | D:6      | Reached XP level 9. HP: 47/48 MP: 9/9
  5247 | D:6      | Found a staircase to the Ecumenical Temple.
  5267 | D:6      | Reached skill level 15 in Ranged Weapons
  5272 | Temple   | Entered the Ecumenical Temple
  5430 | Temple   | Became a worshipper of Warmaster Okawaru
  5483 | D:6      | Found an opulent altar of Gozag.
  5923 | D:7      | Reached skill level 1 in Invocations
  6076 | D:7      | Reached * piety under Okawaru
  6208 | D:7      | Reached skill level 16 in Ranged Weapons
  6414 | D:7      | Found an ancient bone altar of Kikubaaqudgha.
  6419 | D:7      | Found a radiant altar of Vehumet.
  6446 | D:7      | Reached XP level 10. HP: 46/56 MP: 12/12
  6455 | D:7      | Found a hide-covered altar of Uskayaw.
  6456 | D:7      | Found a basalt altar of Yredelemnul.
  6461 | D:7      | Found a shimmering altar of Xom.
  6842 | D:8      | Reached ** piety under Okawaru
  6923 | D:8      | Reached skill level 5 in Dodging
  7025 | D:8      | Found a glowing golden altar of the Shining One.
  7155 | D:8      | Reached skill level 5 in Fighting
  7292 | D:8      | Noticed a rime drake
  7299 | D:8      | Killed a rime drake
  7325 | D:8      | Slain by an ice beast

Illustrated notes

Levels and vault maps discovered:
D:1:      minmay_arrival_wavy_path, layout_rooms, serial_shops,
          nicolae_shop_trees, nicolae_diamond_shop, nicolae_shop_trees
D:2:      layout_rooms, hellmonk_ecumenical_altar_inner_sanctum
D:3:      layout_basic, nzn_wu_jian_council_hall, portal_sewer_entry_e,
          uniq_terence
D:4:      minmay_opposing_rooms, layout_gridville, mainiacjoe_overflow_brackets,
          mainiacjoe_overflow_cross_hatched, fedhas_altar_1,
          lemuel_crystal_altar, uniq_robin
D:5:      nicolae_cairo_tiling_large_dashed, layout_loops_ring, serial_shops,
          nicolae_square_shop
D:6:      layout_rooms, nicolae_gozag_seed_capital, minmay_temple_entry_glass,
          uniq_maggie
D:7:      layout_loops_corners, chequers_temple_overflow_minitemple,
          minmay_manual_monstrance
D:8:      layout_cave_pods, old_standard_altar, hellmonk_lair_entry_icy,
          minmay_circle_x
Temple:   hellmonk_temple_forest_ring

Skill      XL: |  1  2  3  4  5  6  7  8  9 10 |
---------------+-------------------------------+-----
Ranged Weapons | 6 7 9 10 11 14 16 | 16.0
Invocations    | 3 4 |  4.7
Dodging        | 3 6 |  6.2
Fighting       | 3 5 |  5.6
Stealth        | |  1.3

Action                   |  1- 3 |  4- 6 |  7- 9 | 10-12 || total
-------------------------+-------+-------+-------+-------++-------
 Fire: Shortbow          |    61 |   227 |   342 |    72 ||   702
Invok: Heroism           |       |       |       |     1 ||     1
  Use: Scroll            |     3 |     9 |     6 |     1 ||    19
       Potion            |       |       |     5 |     3 ||     8
Armor: Leather armour    |     6 |    19 |    14 |       ||    39
       Steam dragon scal |       |       |    13 |    12 ||    25
Dodge: Dodged            |    14 |   108 |   110 |   104 ||   336

Table legend: (Time is in decaauts)
 A = Elapsed time spent in this place.
 B = Non-inter-level travel time spent in this place.
 C = Inter-level travel time spent in this place.
 D = Time resting spent in this place.
 E = Time spent auto-exploring this place.
 F = Levels seen in this place.
 G = Mean time per level.
                   A        B        C        D        E       F      G
               +--------+--------+--------+--------+--------+-----+--------+
         Total |   7296 |   6984 |    312 |    475 |   5328 |  10 |  729.6 |
       Dungeon |   6288 |   6000 |    288 |    257 |   4852 |   8 |  786.0 |
        Temple |    159 |    135 |     24 |      0 |    126 |   1 |  159.0 |
         Sewer |    848 |    848 |      0 |    218 |    349 |   1 |  848.0 |
               +--------+--------+--------+--------+--------+-----+--------+

Top non-repeatable levels by time:
     D:3: 1231 daAuts
     D:7: 1042 daAuts
     D:4: 943 daAuts
   Sewer: 848 daAuts
     D:5: 687 daAuts
     D:2: 655 daAuts
     D:1: 613 daAuts
     D:6: 596 daAuts
     D:8: 519 daAuts
  Temple: 159 daAuts
